 Dungeon Crawl Stone Soup version 0.29.1-2-gbd0b4ee654 (webtiles) character file.

Game seed: 11853821928240348208

11 qeuew the Ducker (level 2, 0/23 HPs)
             Began as a Merfolk Gladiator on Nov 9, 2022.
             Succumbed to an adder's poison
             ... on level 2 of the Dungeon.
             The game lasted 00:00:31 (202 turns).

qeuew the Ducker (Merfolk Gladiator)                 Turns: 202, Time: 00:00:32

Health: 0/23       AC:  4    Str: 14    XL:     2   Next: 29%
Magic:  2/2        EV: 13    Int:  7    God:
Gold:   22         SH:  0    Dex: 15    Spells: 1/1 levels left

rFire   . . .      SeeInvis .   a - +0 trident
rCold   . . .      Faith    .   (no shield)
rNeg    . . .      Spirit   .   b - +0 leather armour
rPois   .          Reflect  .   c - +0 helmet
rElec   .          Harm     .   (no cloak)
rCorr   .          Rampage  .   (no gloves)
Will    .....                   (no boots)
Stlth   +.........              (no amulet)
HPRegen 0.07/turn               (no ring)
MPRegen 0.08/turn               (no ring)

@: lethally poisoned (0 -> -2)
A: (nimble swimmer 2), mertail
a: no special abilities


You were on level 2 of the Dungeon.
You visited 1 branch of the dungeon, and saw 2 of its levels.

You collected 22 gold pieces.

Inventory:

Hand Weapons
 a - a +0 trident (weapon)
Missiles
 d - 3 throwing nets (quivered)
 e - a javelin
Armour
 b - a +0 leather armour (worn)
 c - a +0 helmet (worn)
Potions
 f - a potion of berserk rage {unknown}


   Skills:
 + Level 2.4 Fighting
 + Level 4.2 Polearms
 + Level 2.1 Throwing
 + Level 0.3 Armour
 + Level 4.2 Dodging


You had one spell level left.
You didn't know any spells.
Your spell library was empty.

Dungeon Overview and Level Annotations

Branches:
Dungeon (1/15)

Altars:


Innate Abilities, Weirdness & Mutations

((You are very nimble when in or above water. (Stealth+, EV+, Speed+++)))
Your lower body shifts to a powerful aquatic tail in water.


Message History

The worm completely misses you.
You completely miss the worm.
The worm is heavily wounded.
The adder closely misses you. The worm bites you!
You puncture the worm!
The worm is almost dead.
The adder barely misses you. The adder bites you but does no damage.
You puncture the worm!
You kill the worm!
The adder bites you.
There is an escape hatch in the floor here.
You see here a worm corpse.
You barely miss the adder. The adder bites you but does no damage.
The adder bites you.
You are poisoned.
The adder poisons you!
You hit the adder.
The adder is heavily wounded.
You feel sick. The adder barely misses you.
You closely miss the adder.
The adder is heavily wounded.
You feel sick. The adder bites you.
* * * LOW HITPOINT WARNING * * *
You are lethally poisoned!
The adder poisons you! The adder bites you but does no damage.
You closely miss the adder.
The adder is heavily wounded.
* * * LOW HITPOINT WARNING * * *
You feel sick. The adder closely misses you.
You miss the adder.
The adder is heavily wounded.
* * * LOW HITPOINT WARNING * * *
You feel sick. The adder closely misses you.
You hit the adder.
The adder is heavily wounded.
* * * LOW HITPOINT WARNING * * *
You feel sick. The adder completely misses you. The adder barely misses you.
You barely miss the adder.
The adder is heavily wounded.
You die...

#≈~≈≈#...#≈≈≈≈#
#≈≈~≈#._.#≈≈≈≈#
#≈≈≈≈#...#≈≈≈≈#
#≈≈≈#####≈≈≈##
#≈≈≈≈≈≈≈≈≈≈≈#
#≈≈≈≈≈≈≈≈≈≈≈#
##~≈≈≈≈≈≈≈###
###..~~~≈~##
#....@S..##
#.######$# #
#.# #.# #.# #.#
.# .#


You could see an adder.

Vanquished Creatures
  A worm (D:2)
  A dart slug (D:1)
  2 ball pythons (D:1)
  A bat (D:1)
  2 rats (D:1)
7 creatures vanquished.

Notes
Turn   | Place    | Note
-------+----------+-------------------------------------------
     0 | D:1      | qeuew the Merfolk Gladiator began the quest for the Orb.
     0 | D:1      | Reached XP level 1. HP: 16/16 MP: 1/1
   169 | D:1      | Reached XP level 2. HP: 23/23 MP: 2/2
   171 | D:1      | You fall into a shaft and drop 1 floor!
   172 | D:2      | Found a faded altar of an unknown god.
   201 | D:2      | HP: 1/23 [poisoned by an adder]
   202 | D:2      | Succumbed to an adder's poison

Illustrated notes

Levels and vault maps discovered:
D:1:      shiori_arrival_elements, layout_basic
D:2:      layout_loops_ring, nicolae_ecumenical_lake_church, uniq_sigmund

Action                   || total
-------------------------++-------
Melee: Trident           ||    48
Armor: Leather armour    ||    18
Dodge: Dodged            ||    35
